 Dungeon Crawl Stone Soup version 0.18.1-8-gdd0e5ea (webtiles) character file.

198 rockintein the Chopper (level 5, 0/48 HPs)
             Began as a Minotaur Berserker on June 11, 2016.
             Was a Believer of Trog.
             Slain by a worm (4 damage)
             ... on level 2 of the Dungeon.
             The game lasted 00:02:14 (1244 turns).

rockintein the Chopper (Minotaur Berserker)         Turns: 1244, Time: 00:02:14

Health: 0/48       AC:  3    Str: 22    XL:     5   Next: 47%
Magic:  4/4        EV: 12    Int:  4    God:    Trog [**....]
Gold:   58         SH:  0    Dex: 10    Spells: 0 memorised, 4 levels left

rFire  . . .     SeeInvis .     a - +0 hand axe
rCold  . . .     Gourm    .     b - +0 animal skin
rNeg   . . .     Faith    .     (no shield)
rPois  .         Spirit   .     (helmet restricted)
rElec  .         Dismiss  .     (no cloak)
rCorr  .         Reflect  .     (no gloves)
SustAt .         Harm     .     l - +0 pair of boots
MR     .....                    (no amulet)
Stlth  +.........               (no ring)
                                (no ring)

@: exhausted, slowed, very slow, not resistant to hostile enchantments, very
unstealthy
A: retaliatory headbutt, horns 2
a: Berserk, Trog's Hand, Burn Spellbooks, Renounce Religion


You were on level 2 of the Dungeon.
You worshipped Trog.
Trog was pleased with you.
You were very hungry.

You visited 1 branch of the dungeon, and saw 2 of its levels.

You collected 58 gold pieces.

Inventory:

Hand Weapons
 a - a +0 hand axe (weapon)
Armour
 b - a +0 animal skin (worn)
 l - a +0 pair of boots (worn)
Scrolls
 d - a scroll of remove curse {unknown}
 e - 2 scrolls of enchant weapon {unknown}
 f - 2 scrolls of teleportation {unknown}
 j - a scroll of fog {unknown}
 m - a scroll of immolation {unknown}
 p - 2 scrolls of identify {unknown}
Potions
 o - a potion of curing
Books
 k - a book of the Sky

   Spells                             Type                      Level
   a - Summon Lightning Spire         Summoning/Air                4
   b - Airstrike                      Air                          4
   c - Silence                        Hexes/Air                    5
   d - Deflect Missiles               Charms/Air                   6
   e - Conjure Ball Lightning         Conjuration/Air              6
   f - Tornado                        Air                          9
   Trog disapproves of the use of such an item.
Comestibles
 c - 3 bread rations
 g - a chunk of flesh
 h - a slice of pizza
 i - a meat ration


   Skills:
 + Level 5.0 Fighting
 * Level 5.7 Axes
 + Level 4.1 Armour
 - Level 2.1 Dodging


You had 4 spell levels left.
You didn't know any spells.

Dungeon Overview and Level Annotations

Branches:
Dungeon (2/15)

Altars:
Ashenzari
Dithmenos


Innate Abilities, Weirdness & Mutations

You reflexively headbutt those who attack you in melee.
You have a pair of horns on your head.


Message History

You feel less resistant to hostile enchantments.
The worm barely misses you.
You hit the worm.
The worm is moderately wounded.
The worm bites you but does no damage.
You hit the worm but do no damage.
The worm is moderately wounded.
The worm misses you. You furiously retaliate!
You headbutt the worm. You barely miss the worm. You headbutt the worm.
The worm is heavily wounded.
The worm bites you!
* * * LOW HITPOINT WARNING * * *
You barely miss the worm.
The worm is heavily wounded.
The worm bites you.
* * * LOW HITPOINT WARNING * * *
You hit the worm.
The worm is heavily wounded.
The worm bites you.
You die...

.................# #.#
.###############.# #.# .#
#.# #.# .###############.#
#.# .................# #.#
.########........# #.# .#
#........# #.# .#
#........# #.# .#
#.......@# #.# .#
#.......w# #.# .#
#........###.######
.###############.##.......#
....................>.....#
.###############..#.......#
## #..##.###### #########
#...#.#
###...#...######.#.#.#


You could see a worm.

Vanquished Creatures
  Terence (D:2)
  Natasha (twice) (D:2)
  Robin (D:2)
  4 gnolls (D:2)
  3 adders (D:2)
  2 dart slugs (D:1)
  A giant gecko (D:2)
  3 bats (D:2)
  A giant cockroach (D:1)
  7 goblins
  8 hobgoblins
  2 ball pythons
  2 giant newts
  4 kobolds
  6 rats (D:1)
47 creatures vanquished.

Notes
Turn   | Place    | Note
--------------------------------------------------------------
     0 | D:1      | rockintein the Minotaur Berserker began the quest for the Orb.
     0 | D:1      | Reached XP level 1. HP: 19/19 MP: 0/0
   319 | D:1      | Reached XP level 2. HP: 26/27 MP: 1/1
   670 | D:1      | You fall through a shaft!
   670 | D:2      | Found a shadowy altar of Dithmenos.
   677 | D:2      | Reached ** piety under Trog
   677 | D:2      | Reached XP level 3. HP: 28/33 MP: 2/2
   891 | D:2      | Found a shattered altar of Ashenzari.
   943 | D:2      | Noticed Natasha
   948 | D:2      | Killed Natasha
  1113 | D:2      | Noticed Terence
  1115 | D:2      | Reached XP level 4. HP: 31/41 MP: 3/3
  1125 | D:2      | Killed Terence
  1125 | D:2      | Reached skill level 5 in Axes
  1129 | D:2      | Noticed Robin
  1135 | D:2      | Reached XP level 5. HP: 22/47 MP: 4/4
  1148 | D:2      | Killed Robin
  1216 | D:2      | Noticed Natasha
  1225 | D:2      | Killed Natasha
  1225 | D:2      | Reached skill level 5 in Fighting
  1244 | D:2      | Slain by a worm

Skill      XL: |  1  2  3  4  5 |
---------------+----------------+-----
Axes           | 4 5 |  5.7
Fighting       | 4 5 |  5.0
Armour         | 3 4 |  4.1
Dodging        | |  2.1

Action                   |  1- 3 |  4- 6 || total
-------------------------+-------+-------++-------
Melee: Hand axe          |    69 |    33 ||   102
       Headbutt          |    15 |     6 ||    21
Invok: Berserk           |       |     2 ||     2
       Trog's Hand       |       |     2 ||     2
  Use: Potion            |       |     3 ||     3
 Stab: Sleeping          |     1 |       ||     1
  Eat: Chunk             |       |     2 ||     2
Armor: Animal skin       |    10 |     4 ||    14
       Skin              |       |    28 ||    28
Dodge: Dodged            |    38 |    25 ||    63
